 Dungeon Crawl Stone Soup version 0.28.0-49-g6dfe1f597d (webtiles) character file.

Game seed: 14196000920924621155

264 issech the Ducker (level 5, -1/53 HPs)
             Began as a Troll Monk on May 17, 2022.
             Slain by Prince Ribbit (8 damage)
             ... on level 5 of the Dungeon.
             The game lasted 00:08:09 (2849 turns).

issech the Ducker (Troll Monk)                      Turns: 2849, Time: 00:08:09

Health: -1/53      AC:  5    Str: 19    XL:     5   Next: 98%
Magic:  13/13      EV: 10    Int:  6    God:
Gold:   182        SH:  0    Dex: 14    Spells: 4/4 levels left

rFire   . . .      SeeInvis .   d - +2 short sword (holy)
rCold   . . .      Faith    .   n - orb {light}
rNeg    . . .      Spirit   .   b - +0 robe
rPois   .          Reflect  .   (helmet restricted)
rElec   .          Harm     .   r - +0 cloak
rCorr   .          Rampage  .   (gloves unavailable)
Will    .....                   (boots unavailable)
Stlth   +.........              (no amulet)
HPRegen 0.97/turn               t - ring of magical power
MPRegen 0.13/turn               (no ring)

@: glowing
A: large, unfitting armour, claws 3, regeneration 1, shaggy fur 1, tough skin 1
a: no special abilities


You were on level 5 of the Dungeon.
You visited 1 branch of the dungeon, and saw 5 of its levels.

You collected 182 gold pieces.

Inventory:

Hand Weapons
 a - a +0 mace
 d - a +2 short sword of holy wrath (weapon)
 h - a +0 war axe
 D - a +0 arbalest
Missiles
 c - 43 arrows
 k - 4 boomerangs (quivered)
 m - 119 stones
 w - 4 poisoned darts
 B - 52 sling bullets
Armour
 b - a +0 robe (worn)
 n - an orb of light (worn)
 r - a +0 cloak (worn)
Jewellery
 t - a ring of magical power (left claw)
 z - the ring of the Lich-sworn {Ice Int+4}
   (You found it on level 4 of the Dungeon)

   [ring of ice]

   It enhances your ice magic.
   Int:       It affects your intelligence (+4).
   rF:        It makes you vulnerable to fire.
   rC:        It protects you from cold.
Wands
 y - a wand of acid (10)
Scrolls
 e - a scroll of immolation {unknown}
 f - 3 scrolls of identify {unknown}
 i - a scroll of brand weapon {unknown}
 l - a scroll of enchant weapon {unknown}
 p - 2 scrolls of vulnerability {unknown}
 q - 3 scrolls of teleportation {unknown}
 s - a scroll of fog {unknown}
 v - a scroll of holy word {unknown}
 x - a scroll of enchant armour {unknown}
Potions
 g - a potion of curing {unknown}
 j - a potion of magic {unknown}
 o - a potion of mutation {unknown}
 u - 2 potions of flight {unknown}
 A - a potion of cancellation {unknown}
 C - 2 potions of attraction {unknown}


   Skills:
 + Level 3.2 Fighting
 + Level 3.1 Short Blades
 + Level 3.0 Maces & Flails
 + Level 3.2 Dodging
 + Level 1.3 Stealth


You had 4 spell levels left.
You didn't know any spells.
Your spell library was empty.

Dungeon Overview and Level Annotations

Branches:
Dungeon (5/15)
 Temple: D:4-7

Altars:

Annotations:
D:5 Prince Ribbit


Innate Abilities, Weirdness & Mutations

You are too large for most types of armour.
You have claws for hands.
Your natural rate of healing is unusually fast.
You are covered in fur. (AC +1)
You have tough skin. (AC +1)


Message History

The scorpion is heavily wounded.
You feel very sick. Prince Ribbit hits you! The scorpion barely misses you.
A necrophage comes into view.
You feel sick. The scorpion closely misses you. Prince Ribbit hits you!
The scorpion stings you but does no damage.
You feel sick.
Prince Ribbit blinks!
You feel sick.
Prince Ribbit blinks!
The scorpion closely misses you.
Prince Ribbit blinks!
You feel sick.
Prince Ribbit hits you but does no damage.
You feel sick. Prince Ribbit closely misses you.
You feel sick. Prince Ribbit hits you. Prince Ribbit hits you!
* * * LOW HITPOINT WARNING * * *
The scorpion closely misses you.
You feel sick.
You are no longer poisoned.
Prince Ribbit closely misses you. Prince Ribbit closely misses you.
Prince Ribbit hits you but does no damage.
Prince Ribbit croaks regally.
Prince Ribbit blinks!
You see here a +0 ring mail.
You barely miss Prince Ribbit. Prince Ribbit completely misses you.
You barely miss Prince Ribbit. Prince Ribbit hits you.
The scorpion barely misses you.
You hit Prince Ribbit.
Prince Ribbit is lightly wounded.
Prince Ribbit closely misses you. The scorpion closely misses you.
Prince Ribbit croaks regally.
Prince Ribbit hits you!
* * * LOW HITPOINT WARNING * * *
You hit the scorpion.
The scorpion is heavily wounded.
The scorpion closely misses you. Prince Ribbit hits you.
* * * LOW HITPOINT WARNING * * *
You hit the scorpion.
The scorpion is severely wounded.
Prince Ribbit hits you!
You die...

##### #.... #.... ###### ###
#.... ...<.# #.# ###.... .....#
###########.######...$..
.....####......F@sn.........#....
..........########.#.########....
.....###### #..#.# #....
.......### #.##.# #####
.>...#...########.##.#
.....###..........##.# .....#
#..........##.# .#####
#..........##.#
.....###..........##.#


You could see Prince Ribbit, a necrophage and a scorpion.

Vanquished Creatures
  A necrophage (D:4)
  A water moccasin skeleton (D:4)
  A killer bee zombie (D:5)
  3 adders
  A white imp (D:4)
  3 dart slugs
  3 orcs
  6 bats
  12 endoplasms
  A giant cockroach (D:4)
  9 goblins
  6 hobgoblins
  2 quokkas
  7 ball pythons
  3 frilled lizards
  4 kobolds
  6 rats
69 creatures vanquished.

Notes
Turn   | Place    | Note
-------+----------+-------------------------------------------
     0 | D:1      | issech the Troll Monk began the quest for the Orb.
     0 | D:1      | Reached XP level 1. HP: 22/22 MP: 0/0
   123 | D:1      | Reached XP level 2. HP: 29/29 MP: 1/1
   844 | D:2      | Reached XP level 3. HP: 35/36 MP: 2/2
  1099 | D:2      | Found a faded altar of an unknown god.
  1446 | D:2      | Reached skill level 1 in Short Blades
  1793 | D:3      | Reached XP level 4. HP: 44/44 MP: 3/3
  2165 | D:4      | Identified the ring of the Lich-sworn {Ice Int+4}
  2167 | D:4      | Noticed a necrophage
  2178 | D:4      | Killed a necrophage
  2179 | D:4      | Reached XP level 5. HP: 49/53 MP: 4/4
  2669 | D:5      | Entered Level 5 of the Dungeon
  2825 | D:5      | Noticed Prince Ribbit
  2829 | D:5      | Noticed a necrophage
  2849 | D:5      | Slain by Prince Ribbit

Illustrated notes

Levels and vault maps discovered:
D:1:      lemuel_arrival_muddy, layout_basic, serial_corexii_hall,
          corexii_hall_statues_u, corexii_hall_statues_t
D:2:      layout_loops_ring, basic_ecumenical_altar
D:3:      layout_rooms, kennysheep_cross_room, supply_closet_lemuel,
          nrook_mini_vaults, minmay_crystal_room
D:4:      layout_loops_ring
D:5:      layout_rooms, uniq_prince_ribbit1

Skill      XL: |  1  2  3  4  5 |
---------------+----------------+-----
Maces & Flails | 3 |  3.0
Short Blades   | 1 2 3 |  3.1
Fighting       | 3 |  3.2
Dodging        | 3 |  3.2
Stealth        | |  1.3

Action                   |  1- 3 |  4- 6 || total
-------------------------+-------+-------++-------
Melee: Short sword       |   125 |    68 ||   193
       Punch             |     2 |       ||     2
       Mace              |     1 |       ||     1
 Stab: Sleeping          |     1 |       ||     1
Armor: Robe              |    48 |    24 ||    72
Dodge: Dodged            |    54 |    37 ||    91
